 Dungeon Crawl Stone Soup version 0.29.1-13-g9f3cf754e1 (webtiles) character file.

Game seed: 59302494020891092

49 DildoBatman the Conjurer (level 4, -1/7 (32) HPs)
             Began as a Formicid Conjurer on Jan 23, 2023.
             Slain by an iguana (8 damage)
             ... on level 3 of the Dungeon.
             The game lasted 00:04:00 (2087 turns).

DildoBatman the Conjurer (Formicid Conjurer)        Turns: 2087, Time: 00:04:00

HP:   -1/7 (32)     AC:  2    Str: 12    XL:     4   Next: 2%
MP:   8/8           EV: 12    Int: 19    God:
Gold: 78            SH:  5    Dex: 12    Spells: 5/8 levels left

rFire   . . .      SeeInvis +   a - +0 sling
rCold   . . .      Faith    .   (no shield)
rNeg    . . .      Spirit   .   j - +0 robe
rPois   .          Reflect  +   (helmet unavailable)
rElec   .          Harm     .   (no cloak)
rCorr   .          Rampage  .   (no gloves)
Will    .....                   (no boots)
Stlth   ++........              g - amulet of reflection
HPRegen 0.02/turn               (no ring)
MPRegen 0.11/turn               (no ring)

@: extremely drained
A: permanent stasis, dig shafts and tunnels, antennae 3, four strong arms
a: Dig, Shaft Self


You were on level 3 of the Dungeon.
You visited 1 branch of the dungeon, and saw 3 of its levels.

You collected 78 gold pieces.

Inventory:

Hand Weapons
 a - a +0 sling (weapon)
 b - a +0 quarterstaff
Missiles
 l - 2 poisoned darts
Armour
 j - a +0 robe (worn)
Jewellery
 c - a ring of ice
 g - an amulet of reflection (around neck)
Wands
 n - a wand of charming (11)
Scrolls
 e - 5 scrolls of teleportation {unknown}
 i - 4 scrolls of identify {unknown}
 k - 2 scrolls of noise {unknown}
 p - a scroll of fog {unknown}
Potions
 d - a potion of magic
 f - 2 potions of brilliance {unknown}
 h - 2 potions of curing {unknown}
 m - a potion of heal wounds {unknown}
 o - 2 potions of haste {unknown}


   Skills:
 * Level 1.4 Fighting
 * Level 1.3 Armour
 - Level 2.0 Dodging
 - Level 2.4 Stealth
 * Level 2.7 Spellcasting
 * Level 4.0 Conjurations


You had 5 spell levels left.
You knew the following spells:

 Your Spells              Type           Power      Damage    Failure   Level
a - Searing Ray           Conj           34%        2d5       4%          2
c - Magic Dart            Conj           68%        1d6       3%          1

Your spell library contained the following spells:

 Spells                   Type           Power      Damage    Failure   Level
 Dazzling Flash           Conj/Hex       20%        N/A       21%         3
 Fulminant Prism          Conj/Hex       5%         3d7       56%         4
 Iskenderun's Mystic Bla  Conj/Tloc      10%        2d4       56%         4


Dungeon Overview and Level Annotations

Branches:
Dungeon (3/15)

Altars:

Shops:
D:1 (

Annotations:
D:3 Terence


Innate Abilities, Weirdness & Mutations

You cannot be hasted, slowed, berserked, paralysed or teleported.
You can dig through walls and to a lower floor.
You have a pair of large antennae on your head. (SInv)
Your four strong arms can wield two-handed weapons with a shield.


Message History

The frilled lizard barely misses you.
The frilled lizard bites you but does no damage.
The frilled lizard attacks as you move away!
The frilled lizard closely misses you. The hobgoblin attacks as you move away!
The hobgoblin barely misses you.
The frilled lizard attacks as you move away!
The frilled lizard bites you. The hobgoblin attacks as you move away!
The hobgoblin hits you but does no damage.
You extend your mandibles.
You dig through the rock wall.
You feel drained.
You dig through the rock wall.
You feel drained.
The frilled lizard attacks as you move away!
The frilled lizard bites you.
You dig through the rock wall.
You feel drained.
The frilled lizard attacks as you move away!
You block the frilled lizard's attack.
A worm, a dart slug, 3 gnolls, an iguana and 4 orcs come into view.
Found 4 poisoned darts.
The gnoll shouts!
The iguana hisses angrily.
The orc shouts! x3
The gnoll shouts!
You hear a shout!
You retract your mandibles.
The frilled lizard attacks as you move away!
The frilled lizard bites you but does no damage.
The orc shouts!
The gnoll shouts!
You block the dart slug's attack. The orc attacks as you move away!
The orc misses you. The iguana attacks as you move away! The iguana bites you!
Ouch! That really hurt!
You die...

..........#
..........#########
.....####.........#
###..# .........# #....#
.........#
#########..(..w...#
##########.##
......(...........#
#............
#########.......w.#
#.........### #..)...#
...g.g.@l###............
....##.#
.....g.olg...w.......###
#.#.##.#
......og.###.........#
..#.##.# ....oo...#
#.........# # ###.##.#
.........# #.........###
....##.# .........#
#.........##. ######.#
########## #.........#.#
#......# #..........##
#.#############
#.........##


You could see 2 worms, an iguana, 4 gnolls, a dart slug, 4 orcs, a hobgoblin and
a frilled lizard.

Vanquished Creatures
  An adder (D:2)
  A worm (D:3)
  2 dart slugs
  An orc (D:3)
  2 bats
  2 endoplasms (D:2)
  A hobgoblin (D:2)
  3 jackals (D:1)
  2 quokkas (D:2)
  2 ball pythons (D:1)
  A frilled lizard (D:2)
  A goblin (D:1)
  4 kobolds
  12 rats
35 creatures vanquished.

Notes
Turn   | Place    | Note
-------+----------+-------------------------------------------
     0 | D:1      | DildoBatman the Formicid Conjurer began the quest for the
                  | Orb.
     0 | D:1      | Reached XP level 1. HP: 13/13 MP: 3/3
   242 | D:1      | Reached XP level 2. HP: 19/20 MP: 3/5
   245 | D:1      | Learned a level 2 spell: Searing Ray
   315 | D:1      | Found Gaorph's Antique Weapon Shoppe.
   744 | D:2      | Found a faded altar of an unknown god.
   820 | D:2      | Reached skill level 1 in Fighting
   820 | D:2      | Reached skill level 1 in Armour
   820 | D:2      | Reached XP level 3. HP: 26/26 MP: 2/6
  1889 | D:3      | Noticed Terence
  2054 | D:3      | Reached skill level 4 in Conjurations
  2054 | D:3      | Reached XP level 4. HP: 32/32 MP: 5/8
  2087 | D:3      | Slain by an iguana

Illustrated notes

Levels and vault maps discovered:
D:1:      scummos_arrival_checkerplants, layout_basic, serial_shops, shop
D:2:      layout_basic, nicolae_ecumenical_pavilion, minmay_tall_x
D:3:      layout_basic, uniq_terence, uniq_ijyb

Skill      XL: |  1  2  3 |
---------------+----------+-----
Dodging        | 2 |  2.0
Fighting       | 1 |  1.4
Armour         | 1 |  1.3
Conjurations   | 4 |  4.0
Stealth        | |  2.4
Spellcasting   | |  2.7

Action                   |  1- 3 |  4- 6 || total
-------------------------+-------+-------++-------
Melee: Trident           |    37 |       ||    37
 Fire: Sling             |    32 |       ||    32
 Cast: Magic Dart        |    27 |       ||    27
       Searing Ray       |     3 |       ||     3
 Abil: Dig               |       |     4 ||     4
 Stab: Sleeping          |     2 |       ||     2
Armor: Robe              |     8 |     3 ||    11
Dodge: Dodged            |    28 |     5 ||    33
Block: Other             |     9 |     2 ||    11
